 Dungeon Sprint DCSS version 0.30-a0-1043-g60ff8d5f49 (webtiles) character file.

Game seed: 14187694320324724201

991 dialectric the Protected (level 7, -6/77 HPs)
             Began as a Minotaur Fighter on Apr 9, 2023.
             Was an Initiate of Trog.
             Mangled by a tentacle (17 damage)
             ... attached to a kraken
             ... in the Dungeon (Sprint II: "The Violet Keep of Menkaure").
             The game lasted 00:02:05 (331 turns).

dialectric the Protected (Minotaur Fighter)          Turns: 331, Time: 00:02:05

Health: -6/77      AC:  9    Str: 22    XL:     7   Next: 98%
Magic:  6/6        EV: 13    Int:  5    God:    Trog [......]
Gold:   486        SH:  0    Dex: 10    Spells: 6/6 levels left

rFire   . . .      SeeInvis .    a - +0 long sword
rCold   . . .      Faith    .    (no shield)
rNeg    . . .      Spirit   .    b - +0 scale mail
rPois   .          Reflect  .    (helmet restricted)
rElec   .          Rampage  .    (no cloak)
rCorr   .          NoTele   +    (no gloves)
Will    .....                    (no boots) Stlth
                                 (no amulet)
HPRegen 0.32/turn                (no ring)
MPRegen 0.10/turn                (no ring)

@: no status effects
A: horns 2, retaliatory headbutt
a: Renounce Religion


You were in the Dungeon.
You worshipped Trog.
Trog was noncommittal.
You visited 1 branch You collected 486 gold pieces.

Inventory:

Hand Weapons
 a - a +0 long sword (weapon)
Armour
 b - a +0 scale mail (worn)
 c - a +0 buckler
Potions
 g - a potion of haste
 h - 2 potions of magic


   Skills:
 + Level 12.0 Fighting
 * Level 8.1 Long Blades
 + Level 12.1 Armour
 + Level 9.5 Dodging
 * Level 3.6 Shields


You had 6 spell levels left.
You didn't know any spells.
Your spell library was empty.

Dungeon Overview and Level Annotations

Branches:
Dungeon (1/1)

Altars:
Cheibriados
Dithmenos
Elyvilon
Fedhas
Gozag
Hepliaklqana
Kikubaaqudgha
Makhleb
Nemelex Xobeh
Okawaru
Qazlal
Ru
Sif Muna
Trog
Uskayaw
Vehumet
Wu Jian
Xom
Yredelemnul
Zin
The Shining One
Jiyva
Lugonu

Shops:
D =(:!(?[([!:[=([

Annotations:
D exclusions: ice statue and oklob plant


Innate Abilities, Weirdness & Mutations

You have a pair of horns on your head.
You reflexively headbutt those who attack you in melee.


Message History

Found a robe and a scroll labelled TOAFASEISYA.
Found 3 bubbling clear potions and an amethyst potion.
The water moccasin hisses angrily.
There is a bloodstained altar of Trog here.
You kneel at the altar of Trog.
Trog welcomes you!
Found a whip and a long sword.
There is a hide-covered altar of Uskayaw here.
Found five items.
There is a radiant altar of Vehumet here.
There is an open door here.
You enter the shallow water.
Moving in this stuff is going to be slow.
You recover from your berserk rage.
Found a club.
Found nine items.
Found four items.
The walls and floor vibrate strangely for a moment.
Found five items.
Blink to where?
Press: ? - help, Dir - move target A kraken comes into view.
As you read the scroll of blinking, it crumbles to dust.
You open the door.
Tentacles burst out of the water! 4 tentacles come into view.
Found eight items.
The tentacle slaps you!
There is an open door, spattered with blood here.
Found eight items.
The tentacle slaps you!
You see here 3 bubbling clear potions.
The tentacle slaps you. x2
* * * LOW HITPOINT WARNING * * *
You see here an amethyst potion.
You see here 6 gold pieces.
The tentacle slaps you.
* * * LOW HITPOINT WARNING * * *
You see here a scroll labelled ZUQ FURAIPE.
Found the Orb of Zot.
The tentacle slaps you!
* * * LOW HITPOINT WARNING * * *
The tentacle slaps you!
You die...

▓0.. ▓▓▓▓▓▓▓▓▓▓
▓≈≈§≈§≈≈§▓▓ ▓▓▓▓▓▓▓▓▓▓▓
▓[!??$[?[▓▓ ▓$)[![(?(▓▓
+.### [▓[[?$)[$?▓▓ ...#
#▓([(!)$@(▓▓ #..#
#▓[!!$(w?:▓▓ +..#
#▓)!!"│)$(▓▓ #^^#
#▓)?)[│?!)▓▓
###..####▓?!$:$\!!▓▓
.###...##▓▓▓▓▓▓▓\▓▓▓▓+▓
§..~~~~~~~~~~~~~.──Xw≈▓
...~#'########+###.ww≈▓
~..~#_._._...#S~§ #≈≈≈▓


You could see a kraken and 3 tentacles.

Vanquished Creatures
  A merfolk siren (D)
  2 wyverns (D)
  Menkaure (D)
  A water moccasin (D)
  4 scorpions (D)
9 creatures vanquished.

Vanquished Creatures (others)
  A water moccasin (D)
1 creature vanquished.

Grand Total: 10 creatures vanquished

Notes
Turn   | Place    | Note
-------+----------+-------------------------------------------
     0 | D        | dialectric the Minotaur Fighter began the quest for the
                  | Orb.
     0 | D        | Reached XP level 1. HP: 19/19 MP: 0/0
     8 | D        | Noticed a scorpion
     8 | D        | Noticed a scorpion
    15 | D        | Killed a scorpion
    16 | D        | Reached XP level 2. HP: 1/30 MP: 1/1
    16 | D        | Reached XP level 3. HP: 2/37 MP: 2/2
    19 | D        | Killed a scorpion
    20 | D        | Reached skill level 5 in Dodging
    20 | D        | Reached XP level 4. HP: 26/47 MP: 3/3
    21 | D        | Noticed a scorpion
    21 | D        | Noticed a scorpion
    24 | D        | Killed a scorpion
    25 | D        | Reached XP level 5. HP: 27/53 MP: 4/4
    33 | D        | Noticed a merfolk siren
    38 | D        | Noticed Menkaure
    40 | D        | Killed a merfolk siren
    41 | D        | Reached skill level 10 in Fighting
    41 | D        | Reached skill level 10 in Armour
    41 | D        | Reached XP level 6. HP: 12/67 MP: 5/5
    41 | D        | Reached XP level 7. HP: 13/73 MP: 6/6
    43 | D        | Killed Menkaure
    44 | D        | Noticed an ice statue
    50 | D        | HP: 3/74 [poisoned by a water moccasin]
    53 | D        | HP: 1/74 [poisoned by a water moccasin]
    60 | D        | Found Wastrutto's Jewellery Shoppe.
    60 | D        | Found Egynis's Antique Weapon Shoppe.
    60 | D        | Found Laolatar's Book Emporium.
    60 | D        | Found Qebumy's Weapon Shoppe.
    60 | D        | Found Jol Tenwitu's Antique Armour Emporium.
    60 | D        | Found Dyent's Antique Armour Shoppe.
    60 | D        | Found Duasoch's Distillery.
    60 | D        | Found Doche Wiwna's Armour Emporium.
    61 | D        | Found Vyxuh's Magic Scroll Shoppe.
    62 | D        | Found Vuerr's Antique Armour Emporium.
    63 | D        | Found Otafecec's Weapon Shoppe.
    63 | D        | Found Emymetyg's Distillery.
    63 | D        | Noticed an oklob plant
    64 | D        | Found Ityli's Weapon Shoppe.
    64 | D        | Found Owesal's Jewellery Emporium.
    64 | D        | Found Ublisk's Book Shoppe.
    65 | D        | Noticed a death yak
    70 | D        | Noticed a wyvern
    70 | D        | Noticed a wyvern
   275 | D        | Noticed a boulder beetle
   275 | D        | Noticed a boulder beetle
   278 | D        | Noticed a wyvern
   278 | D        | Noticed a wyvern
   283 | D        | Killed a wyvern
   287 | D        | Killed a wyvern
   299 | D        | Found an iron altar of Okawaru.
   299 | D        | Found an opulent altar of Gozag.
   300 | D        | Found a sparkling altar of Nemelex Xobeh.
   300 | D        | Found a blossoming altar of Fedhas.
   301 | D        | Found a radiant altar of Vehumet.
   301 | D        | Found a burning altar of Makhleb.
   301 | D        | Found a white marble altar of Elyvilon.
   302 | D        | Found a hide-covered altar of Uskayaw.
   302 | D        | Found a corrupted altar of Lugonu.
   302 | D        | Found a shadowy altar of Dithmenos.
   303 | D        | Found a glowing silver altar of Zin.
   303 | D        | Found a bloodstained altar of Trog.
   303 | D        | Found an ancient bone altar of Kikubaaqudgha.
   304 | D        | Found a basalt altar of Yredelemnul.
   304 | D        | Found a shimmering blue altar of Sif Muna.
   304 | D        | Found a viscous altar of Jiyva.
   305 | D        | Found a shimmering altar of Xom.
   305 | D        | Found a sacrificial altar of Ru.
   307 | D        | Found a glowing golden altar of the Shining One.
   307 | D        | Found an ornate altar of the Wu Jian Council.
   307 | D        | Found a stormy altar of Qazlal.
   307 | D        | Found a snail-covered altar of Cheibriados.
   307 | D        | Found a hazy altar of Hepliaklqana.
   313 | D        | Became a worshipper of Trog the Wrathful
   324 | D        | Noticed a kraken
   331 | D        | Mangled by a tentacle

Illustrated notes

Levels and vault maps discovered:
D:        the_violet_keep_of_menkaure [sprint2_stairs_cluster_1,
          sprint2_shoproom, sprint2_temple, sprint2_basic_supplies,
          sprint2_obstacle_1, sprint2_obstacle_5, sprint2_obstacle_2,
          sprint2_obstacle_4, sprint2_obstacle_6, sprint2_timed_cluster_1,
          sprint2_smallroom_cluster_1, sprint2_smallroom_final_cluster_1,
          sprint2_transparent_cluster_1, sprint2_second_timed_cluster_1,
          sprint2_sniper_area_1, sprint2_heavy_combat_area_1,
          sprint2_mutation_trap_area_1, sprint2_forest_area_1,
          sprint2_light_combat_area_1, sprint2_behind_water_1,
          sprint2_near_end_vault_1]

Skill      XL: |  1  2  3  4  5  6  7 |
---------------+----------------------+-----
Fighting       | 6 7 8 10 12 | 12.0
Long Blades    | 3 4 6 8 |  8.1
Armour         | 6 7 8 10 12 | 12.1
Dodging        | 4 5 6 8 9 |  9.5
Shields        | |  3.6

Action                     |  1- 3 |  4- 6 |  7- 9 || total
---------------------------+-------+-------+-------++-------
  Melee: Long sword        |     8 |    11 |    13 ||    32
         Headbutt          |       |       |     4 ||     4
    Use: Potion            |     3 |       |     1 ||     4
         Scroll            |       |       |     1 ||     1
 Armour: Scale mail        |     6 |     3 |     3 ||    12
  Dodge: Dodged            |     2 |     3 |     6 ||    11

Table legend: (Time is in decaauts)
 A = Elapsed time spent in this place.
 B = Non-inter-level travel time spent in this place.
 C = Inter-level travel time spent in this place.
 D = Time resting spent in this place.
 E = Time spent auto-exploring this place.
 F = Levels seen in this place.
 G = Mean time per level.
                   A        B        C        D        E       F      G
               +--------+--------+--------+--------+--------+-----+--------+
         Total |    347 |    347 |      0 |    153 |      0 |   1 |  347.0 |
       Dungeon |    347 |    347 |      0 |    153 |      0 |   1 |  347.0 |
               +--------+--------+--------+--------+--------+-----+--------+

Top non-repeatable levels by time:
       D: 347 daAuts
